 Dungeon Crawl Stone Soup version 0.31-a0-1001-g770356a28f (webtiles) character file.

Game seed: 7084851982611357544

2644826 MackTheKnife the Executioner (level 24, 231/231 HPs)
             Began as a Minotaur Gladiator on Nov 8, 2023.
             Was an Elder of Okawaru.
             Escaped with the Orb
             ... and 4 runes!
             The game lasted 01:46:55 (54553 turns).

MackTheKnife the Executioner (Minotaur Gladiator)  Turns: 54553, Time: 01:46:56

Health: 231/231    AC: 46    Str: 36    XL:     24   Next: 41%
Magic:  33/33      EV: 22    Int: 10    God:    Okawaru [****..]
Gold:   1431       SH: 27    Dex: 19    Spells: 23/23 levels left

rFire   + . .        a - +8 broad axe (vamp) {axe}
rCold   + + .        g - +3 tower shield
rNeg    + . .        U - +7 plate armour of Zogougiu {*Corrode rC++ Slay+3}
rPois   +            b - +3 crown of Dyrovepreva {rElec Int+2 SInv}
rElec   +            E - +2 cloak {rCorr}
rCorr   +            z - +1 pair of gloves of the Merwolf {Int+5}
SInv    +            T - +3 pair of boots "Poatipeu" {Will+ Str+8 Dex-5 SInv}
Will    ++...        i - amulet of faith {!P} Stlth
                     C - ring "Ilurr" {rF+ rCorr Int+3 Dex+7 Stlth+}
HPRegen 0.58/turn    S - ring of Zyih {rPois rN+ AC+4 Str+4 Int-5 Dex-2, =R}
MPRegen 0.23/turn

%: corrode self (3%), faith
@: studying 2 skills
A: horns 2, retaliatory headbutt
0: Orb of Zot
}: 4/15 runes: decaying, silver, abyssal, gossamer
a: Renounce Religion, Heroism, Finesse


You escaped.
You worshipped Okawaru.
Okawaru was greatly pleased with you.
You visited 9 branches of the dungeon, and saw 47 of its levels.
You visited the Abyss 1 time.
You also visited: Gauntlet and Ice Cave.

You collected 6638 gold pieces.
You spent 5207 gold pieces at shops.


Innate Abilities, Weirdness & Mutations

You have a pair of horns on your head.
You reflexively headbutt those who attack you in melee.


   Skills:
 - Level 22.0 Fighting
 - Level 22.0 Axes
 - Level 10.0 Throwing
 - Level 22.0 Armour
 - Level 22.0 Dodging
 - Level 2.0 Stealth
 - Level 22.0 Shields
 + Level 15.5 Invocations
 - Level 10.0 Evocations


You had 23 spell levels left.
You didn't know any spells.
Your spell library contained the following spells:

 Spells                   Type           Power      Damage    Failure   Level
 Apportation              Tloc           0%         N/A       82%         1
 Foxfire                  Conj/Fire      0%         2x1d4     82%         1
 Kiss of Death            Conj/Necr      0%         2d5       82%         1
 Magic Dart               Conj           0%         1d3       82%         1
 Necrotise                Necr           0%         1d4       82%         1
 Sandblast                Erth           0%         2d4       82%         1
 Shock                    Conj/Air       0%         1d3       82%         1
 Slow                     Hex            0%         N/A       82%         1
 Sting                    Tmut/Pois      0%         1d3       82%         1
 Blink                    Tloc           0%         N/A       91%         2
 Ensorcelled Hibernation  Hex/Ice        0%         N/A       91%         2
 Jinxbite                 Hex            0%         N/A       91%         2
 Lesser Beckoning         Tloc           0%         N/A       91%         2
 Momentum Strike          Conj/Tloc      0%         3d8       91%         2
 Passwall                 Tmut/Erth      0%         N/A       91%         2
 Poisonous Vapours        Pois/Air       0%         N/A       91%         2
 Scorch                   Fire           0%         2d5       91%         2
 Wereblood                Tmut           0%         N/A       91%         2
 Confusing Touch          Hex            0%         N/A       99%         3
 Dazzling Flash           Conj/Hex       0%         N/A       99%         3
 Gell's Gravitas          Tloc           0%         N/A       99%         3
 Hailstorm                Conj/Ice       0%         3d3       99%         3
 Ignite Poison            Fire/Tmut/Pois 0%         N/A       99%         3
 Mephitic Cloud           Conj/Pois/Air  0%         N/A       99%         3
 Ozocubu's Armour         Ice            0%         N/A       99%         3
 Sigil of Binding         Hex            0%         N/A       99%         3
 Stone Arrow              Conj/Erth      0%         3d7       99%         3
 Swiftness                Air            0%         N/A       99%         3
 Teleport Other           Tloc           0%         N/A       99%         3
 Vampiric Draining        Necr           0%         2d6       99%         3
 Airstrike                Air            0%         2d(0-16)  100%        4
 Anguish                  Hex/Necr       0%         N/A       100%        4
 Brom's Barrelling Bould  Conj/Erth      0%         2d3       100%        4
 Cause Fear               Hex            0%         N/A       100%        4
 Dimensional Bullseye     Hex/Tloc       0%         N/A       100%        4
 Dispel Undead            Necr           0%         3d6       100%        4
 Flame Wave               Conj/Fire      0%         2d4       100%        4
 Iskenderun's Mystic Bla  Conj/Tloc      0%         2d3       100%        4
 Leda's Liquefaction      Hex/Erth       0%         N/A       100%        4
 Manifold Assault         Tloc           0%         N/A       100%        4
 Olgreb's Toxic Radiance  Pois           0%         N/A       100%        4
 Passage of Golubria      Tloc           0%         N/A       100%        4
 Vhi's Electric Charge    Tloc/Air       0%         N/A       100%        4
 Agony                    Necr           0%         N/A       100%        5
 Alistair's Intoxication  Tmut/Pois      0%         N/A       100%        5
 Arcjolt                  Conj/Air       0%         1d10      100%        5
 Borgnjor's Vile Clutch   Necr/Erth      0%         N/A       100%        5
 Fireball                 Conj/Fire      0%         3d3       100%        5
 Irradiate                Conj/Tmut      0%         3d11      100%        5
 Iskenderun's Battlesphe  Conj           0%         2d6       100%        5
 Metabolic Englaciation   Hex/Ice        0%         N/A       100%        5
 Silence                  Hex/Air        0%         N/A       100%        5
 Yara's Violent Unravell  Hex/Tmut       0%         3d3       100%        5
 Conjure Ball Lightning   Conj/Air       0%         3x3d6     100%        6
 Eringya's Noxious Bog    Tmut/Pois      0%         4d6       100%        6
 Starburst                Conj/Fire      0%         6d3       100%        6
 Enfeeble                 Hex            0%         N/A       100%        7
 Orb of Destruction       Conj           0%         9d5       100%        7
 Discord                  Hex            0%         N/A       100%        8
 Disjunction              Tloc           0%         N/A       100%        8
 Lehudib's Crystal Spear  Conj/Erth      0%         10d2      100%        8
 Chain Lightning          Conj/Air       0%         N/A       100%        9
 Death's Door             Necr           0%         N/A       100%        9
 Fire Storm               Conj/Fire      0%         5d1       100%        9
 Shatter                  Erth           0%         3d5*      100%        9
 Summon Small Mammal      Summ           Unusable   N/A       N/A         1
 Call Imp                 Summ           Unusable   N/A       N/A         2
 Call Canine Familiar     Summ           Unusable   N/A       N/A         3
 Tukima's Dance           Hex            Unusable   N/A       N/A         3
 Animate Armour           Summ/Erth      Unusable   N/A       N/A         4
 Animate Dead             Necr           Unusable   N/A       N/A         4
 Summon Ice Beast         Ice/Summ       Unusable   N/A       N/A         4
 Summon Forest            Summ/Tloc      Unusable   N/A       N/A         5
 Simulacrum               Ice/Necr       Unusable   N/A       N/A         6
 Summon Cactus Giant      Summ           Unusable   N/A       N/A         6
 Summon Hydra             Summ           Unusable   N/A       N/A         7
 Dragon's Call            Summ           Unusable   N/A       N/A         9

Inventory:

Hand Weapons
 a - a +8 vampiric broad axe (weapon) {axe}
   (Okawaru gifted it to you on level 1 of the Lair of Beasts)
 D - a +3 broad axe of freezing {!waxe}
   (You took it off a meliai on level 15 of the Dungeon)
Missiles
 d - 34 silver javelins {throwing}
 e - 17 javelins (quivered) {throwing}
Armour
 b - the +3 crown of Dyrovepreva (worn) {rElec Int+2 SInv}
   (Okawaru gifted it to you on level 1 of the Lair of Beasts)

   Int+2:     It affects your intelligence (+2).
   rElec:     It insulates you from electricity.
   SInv:      It lets you see invisible.
 g - a +3 tower shield (worn)
   (You bought it in a shop on level 1 of the Elven Halls)
 z - the +1 pair of gloves of the Merwolf (worn) {Int+5}
   (You found it on level 4 of the Dungeon)

   Int+5:     It affects your intelligence (+5).
 E - a +2 cloak of preservation (worn)
   (You found it on level 8 of the Dungeon)
 T - the +3 pair of boots "Poatipeu" (worn) {Will+ Str+8 Dex-5 SInv}
   (You found it in a Gauntlet)

   Str+8:     It affects your strength (+8).
   Dex-5:     It affects your dexterity (-5).
   Will+:     It increases your willpower.
   SInv:      It lets you see invisible.
 U - the +7 plate armour of Zogougiu (worn) {*Corrode rC++ Slay+3}
   (You took it off a deep elf blademaster on level 3 of the Elven Halls)

   Slay+3:    It affects your accuracy & damage with ranged weapons and melee
   (+3).
   rC++:      It greatly protects you from cold.
   *Corrode:  It may corrode you when you take damage.
Jewellery
 i - an amulet of faith (around neck) {!P}
   (You found it on level 11 of the Dungeon)
 k - a ring of willpower
   (You found it on level 3 of the Lair of Beasts)
 C - the ring "Ilurr" (left hand) {rF+ rCorr Int+3 Dex+7 Stlth+}
   (You found it on level 5 of the Vaults)

   [ring of resist corrosion]

   Int+3:     It affects your intelligence (+3).
   Dex+7:     It affects your dexterity (+7).
   rF+:       It protects you from fire.
   rCorr:     It protects you from acid and corrosion.
   Stlth+:    It makes you more stealthy.
 L - an amulet of regeneration {@e2}
   (You took it off a vault guard on level 5 of the Vaults)
 Q - the amulet "Qotarow" {Acrobat Will+ Dex+5}
   (You took it off a vault guard on level 5 of the Vaults)

   [amulet of the acrobat]

   Acrobat:   It increases your evasion while moving and waiting.
   Dex+5:     It affects your dexterity (+5).
   Will+:     It increases your willpower.
 S - the ring of Zyih (right hand) {rPois rN+ AC+4 Str+4 Int-5 Dex-2, =R}
   (You found it in a Gauntlet)

   [ring of protection]

   AC+4:      It affects your AC (+4).
   Str+4:     It affects your strength (+4).
   Int-5:     It affects your intelligence (-5).
   Dex-2:     It affects your dexterity (-2).
   rPois:     It protects you from poison rN+: It protects you from negative
   energy.
Wands
 n - a wand of iceblast (64)
   (You found it on level 2 of the Lair of Beasts)
 s - a wand of flame (106)
   (You found it on level 3 of the Dungeon)
 A - a wand of digging (20)
   (You found it on level 5 of the Dungeon)
 H - a wand of paralysis (52)
   (You found it on level 9 of the Dungeon)
 P - a wand of polymorph (15)
   (You bought it in a shop on level 2 of the Orcish Mines)
 V - a wand of mindburst (33)
   (You found it on level 1 of the Swamp)
 Y - a wand of acid (48)
   (You found it on level 4 of the Swamp)
Scrolls
 f - 8 scrolls of teleportation {@r4}
 h - 5 scrolls of immolation {!r!r}
 j - 3 scrolls of revelation
 p - 11 scrolls of fog
 q - a scroll of vulnerability {!r!r}
 t - a scroll of blinking {!r}
 y - 8 scrolls of fear
 F - a scroll of silence {!r}
 R - 5 scrolls of poison {!r}
Potions
 l - 6 potions of attraction {!q}
 m - 4 potions of mutation {!q}
 o - 9 potions of ambrosia
 r - 2 potions of berserk rage {!q}
 v - 8 potions of heal wounds {@q2}
 w - 19 potions of curing {@q1}
 x - 4 potions of lignification {!q}
 B - 2 potions of magic
 G - 4 potions of cancellation
 I - 7 potions of might
 K - 5 potions of invisibility
 Z - 3 potions of resistance
Miscellaneous
 J - a lightning rod (4/4)
   (You found it on level 5 of the Lair of Beasts)
 M - a tin of tremorstones (2/2) {throwing}
   (You found it on level 2 of the Lair of Beasts)
 O - a phial of floods (inert)
   (You found it in an ice cave)

Dungeon Overview and Level Annotations

Branches:
Dungeon (15/15)            Temple (0/1) D:7            Lair (5/5) D:11
  Swamp (4/4) Lair:2       Spider (4/4) Lair:2        Slime (0/5) Lair:4
    Orc (2/2) D:12            Elf (3/3) Orc:2        Vaults (5/5) D:14
  Crypt (0/3) Vaults:2     Depths (4/4) D:15            Zot (5/5) Depths:4
  IceCv (visited)         Gauntlet (visited)

Altars:
Ashenzari
Cheibriados
Fedhas
Gozag
Hepliaklqana
Kikubaaqudgha
Makhleb
Nemelex Xobeh
Okawaru
Qazlal
Sif Muna
Vehumet
Xom
Yredelemnul
Zin
The Shining One

Shops:
D:7 [   D:11 !   Orc:1 (   Orc:2 [(*=   Elf:1 [   Elf:2 !   Zot:2 *
Depths:4 *

Portals:
Hell: Depths:1 Depths:2 Depths:3 Depths:4
Abyss: Depths:3
Pandemonium: Depths:2
Ziggurat: Depths:1

Annotations:
D:5 1 runed translucent door, Crazy Yiuf
D:10 exclusion: 2 upstairs
Lair:1 1 runed translucent door, Fuykliru's ghost, journeyman MiFi
Elf:2 3 runed translucent doors
Zot:5 exclusion: 3 upstairs

.......#####.###.#.#.###.####....
####...........................#.
# ##........................#...
# #.......A................##.# #
#.......................#...# #
#......................#.##.# #
#.........####.........#.##.# #
#.......##....##.......#....# #
#......#....@...#....).#.#### #
#.....#......##........#..... #
#.....#.....#........(.#..... #
###.....#...............#.#.... #
#........#..............#...... #
#.#......#.............#.......
#.#.......#...........#.....###
#..........##.......##.........
#.#..........#######.......##.#


There were no monsters in sight!


Message History

😕 HP[+1]
You slash the daeva! You headbutt the daeva! You slash the daeva!
You headbutt the daeva!! You block the daeva's attack.
The daeva hits you but does no damage. 😕 HP[+1]
You slash the daeva! The daeva blocks your attack.
You block the daeva's attack. x2
You cut the daeva into ribbons!!!
You kill the daeva!
Okawaru accepts your kill.
No target in view!
No target in view!
What level of the Dungeon? (default 1, ? - help)
A Tzitzimitl comes into view. 😕 HP[+2]
You regained 2 hp, and now have 213/231 hp.
Unknown command.
As you read the scroll of fog, it dissolves into smoke. 😕 HP[+1]
You gain the combat prowess of a mighty hero. 😕 MP[-2]
You lost 2 mp, and now have 31/33 mp.
You can now deal lightning-fast blows. 😕 HP[+1] MP[-5]
You lost 5 mp, and now have 26/33 mp.
You block the Tzitzimitl's attack. x2 😕 HP[+1]
You slice the Tzitzimitl!! 😕 MP[+1]
You miss the Tzitzimitl. Your headbutt misses the Tzitzimitl.
You barely miss the Tzitzimitl. You headbutt the Tzitzimitl!
You block the Tzitzimitl's attack.
The Tzitzimitl misses you. 😕 HP[+1] Unknown command.
You slice the Tzitzimitl!! You slash the Tzitzimitl! You slice the Tzitzimitl!!
Your headbutt misses the Tzitzimitl. You block the Tzitzimitl's attack. x2
Unknown command.
You open the Tzitzimitl like a pillowcase!!!
You kill the Tzitzimitl!
Okawaru accepts your kill. 😕 HP[+1]
What level of the Dungeon? (default 1, ? - help)
You see here a +0 dagger {short}.
A reaper comes into view.
It is wielding a +1 scythe of venom. 😕 HP[+9] MP[+4]
You regained 9 hp, and now have 227/231 hp.
You regained 4 mp, and now have 31/33 mp.
There is a stone staircase leading up here.
The reaper hits you but does no damage.
You climb upwards.
There is a stone staircase leading down here.
Things that are here:
a +0 chain mail; a +0 leather armour; 😕 HP[+2]
You regained 2 hp, and now have 229/231 hp.
What level of the Dungeon? (default 1, ? - help)
An Orb Guardian comes into view. 😎 HP[+2] MP[+2]
Your hp is fully restored (231).
Your mp is fully restored (33).
You hit the Orb Guardian. You headbutt the Orb Guardian!
You hit the Orb Guardian but do no damage.
Your headbutt misses the Orb Guardian. You block the Orb Guardian's attack.
You cut the Orb Guardian into ribbons!!!
You hit the Orb Guardian. Your headbutt misses the Orb Guardian.
You block the Orb Guardian's attack.
You slash the Orb Guardian! Your headbutt misses the Orb Guardian.
You slice the Orb Guardian!!
You kill the Orb Guardian!
Okawaru accepts your kill.
No target in view!
What level of the Dungeon? (default 1, ? - help)
There is a stone staircase leading up here.
You climb upwards.
Level annotation: 1 runed translucent door, Crazy Yiuf
There is a stone staircase leading down here.
Your hands slow down.
Things that are here:
a +0 leather armour; a +0 hand axe {axe}
Things that are here:
a +0 mace {mace}; a +0 whip {mace} You see here a +0 hand axe {axe}.
There is a stone staircase leading up here.
You climb upwards.
You feel like a meek peon again.
There is a stone staircase leading down here.
You see here a +0 whip {mace}.
There is a stone staircase leading up here.
You climb upwards.
There is a stone staircase leading down, spattered with blood here.
There is a stone staircase leading up here.
You climb upwards.
There is a stone staircase leading down here.
There is a stone staircase leading up here.
You climb upwards.
There is a stone staircase leading down here.
A profane servitor comes into view.
It is wielding a +2 demon whip of venom.
The profane servitor moves out of view.
There is a staircase leading out of the dungeon here.
You have escaped!

Skill      XL: |  1  2  3  4  5  6  7  8  9 10 11 12 13 14 15 16 17 18 19 20 21 22 23 24 |
---------------+-------------------------------------------------------------------------+-----
Axes           | 4 5 6 8 10 11 14 16 17 18 19 20 22 | 22.0
Stealth        | 1 2 |  2.0
Fighting       | 3 4 5 6 7 9 10 11 13 14 16 18 19 20 22 | 22.0
Evocations     | 2 4 7 10 | 10.0
Dodging        | 6 9 10 13 18 19 22 | 22.0
Armour         | 4 5 8 10 12 14 18 20 21 22 | 22.0
Invocations    | 8 9 10 12 15 | 15.5
Throwing       | 4 10 | 10.0
Shields        | 1 12 15 18 20 21 22 | 22.0

Action                     |  1- 3 |  4- 6 |  7- 9 | 10-12 | 13-15 | 16-18 | 19-21 | 22-24 || total
---------------------------+-------+-------+-------+-------+-------+-------+-------+-------++-------
  Melee: War axe           |    58 |    60 |   208 |       |       |       |       |       ||   326
         Headbutt          |    14 |    13 |    53 |   105 |   322 |   384 |   390 |   436 ||  1717
         Punch             |     1 |     1 |     3 |     6 |    31 |       |       |       ||    42
         Battleaxe         |       |       |    75 |   279 |       |       |       |       ||   354
         Broad axe         |       |       |       |   223 |  1239 |  1479 |  1325 |  1300 ||  5566
         Unarmed           |       |       |       |       |       |     2 |       |       ||     2
  Throw: Dart              |     8 |    19 |    21 |    31 |     7 |       |       |       ||    86
         Throwing net      |       |       |     2 |     1 |     2 |       |       |       ||     5
         Javelin           |       |       |       |       |    14 |    16 |       |       ||    30
 Invoke: Heroism           |       |       |       |     2 |    18 |    26 |    21 |    23 ||    90
         Finesse           |       |       |       |     1 |     9 |    10 |    14 |    13 ||    47
         Receive Weapon    |       |       |       |     1 |       |       |       |       ||     1
         Receive Armour    |       |       |       |     1 |       |       |       |       ||     1
  Evoke: Wand              |     1 |     5 |    10 |    12 |    41 |    43 |     4 |     2 ||   118
         Tin of tremorston |       |       |       |       |     3 |       |       |       ||     3
         Lightning rod     |       |       |       |       |     8 |     3 |       |       ||    11
         Phial of floods   |       |       |       |       |     1 |     2 |     1 |     1 ||     5
    Use: Scroll            |     4 |     1 |     9 |    11 |    16 |     9 |    16 |    15 ||    81
         Potion            |       |     1 |     3 |       |     2 |     5 |     4 |     9 ||    24
   Stab: Sleeping          |     3 |     4 |     4 |       |       |       |       |       ||    11
         Paralysed         |     2 |     7 |     4 |     1 |     6 |       |     5 |       ||    25
         Invisible         |       |       |     8 |       |       |     4 |       |    27 ||    39
         Held in net/web   |       |       |       |     1 |     1 |       |       |       ||     2
 Armour: Leather armour    |    25 |    39 |   103 |       |       |       |       |       ||   167
         Skin              |       |       |    65 |       |       |     4 |       |       ||    69
         Scale mail        |       |       |    43 |   325 |   435 |       |       |       ||   803
         Plate armour      |       |       |       |       |   134 |       |   296 |   444 ||   874
         Chain mail        |       |       |       |       |   334 |  1003 |   330 |       ||  1667
  Dodge: Dodged            |    34 |    31 |   151 |   270 |   593 |   719 |   315 |   403 ||  2516
  Block: Kite shield       |       |       |       |       |   200 |   812 |   156 |       ||  1168
         Tower shield      |       |       |       |       |       |       |   496 |  1005 ||  1501

Levels and vault maps discovered:
D:1:      dpeg_arrival_solitude, layout_loops_ring, feat_on_display
D:2:      layout_basic, shapermc_ecumenical_altar_notcrosses, basic_altar,
          serial_bayou, serial_bayou_lagoon_a, serial_bayou_crossing,
          serial_bayou_pond_c, serial_bayou_pond_a, st_stairs_6
D:3:      layout_basic, mainiacjoe_overflow_boulevard,
          mainiacjoe_overflow_chevrons, dk_vineyard_1
D:4:      layout_rooms, okawaru_trees_1, kennysheep_mini_moat,
          mainiacjoe_overflow_paths, minmay_misc_feat_ornament, uniq_sigmund
D:5:      layout_layer_cave, yredelemnul_altar_generic,
          hangedman_decor_clover_reticule, grunt_ministairs_8,
          kennysheep_crisscross, uniq_crazy_yiuf_cottage
D:6:      layout_cave_pods, overflow_temple_1_default,
          mainiacjoe_overflow_surrounded_room, mainiacjoe_overflow_brackets,
          mainiacjoe_overflow_24_doors, cheibrodos_ashenzari_chains,
          tso_oasis_becter, minmay_between
D:7:      layout_cave_pools, minmay_temple_entry_mist, serial_shops,
          nicolae_shop_temple_entry_statues_fountains, blue_anna_alchemist,
          nicolae_figureground_pulse
D:8:      cheibrodos_wizards_tower, layout_basic, lemuel_coloured_pillars_altar,
          general_overflow_altar, kennysheep_nub, grunt_ministairs_13
D:9:      hangedman_cross_veins, layout_basic, gammafunk_ghost_spectres
D:10:     layout_irregular_city, mainiacjoe_overflow_alcove_4, uniq_sonja,
          uniq_lodul, uniq_psyche
D:11:     layout_cave_pods, david_lair_shrubbed, serial_shops, shop_statue,
          nicolae_hepliaklqana_monster_ancestors
D:12:     layout_roguey, orc_0_dummy, portal_ice_cave_entry_pillars_2,
          introduction_to_nature_2
D:13:     layout_gridville, uniq_nessos, uniq_urug, uniq_erolcha
D:14:     layout_small_grid, david_vaults_5, minmay_misc_feat_tiny,
          uniq_frances, uniq_snorg
D:15:     hellmonk_depths_entry_around_the_bend, layout_basic,
          gauntlet_entry_generic, kennysheep_doodads
Lair:1:   layout_regular_city, ebering_ghost_xom, serial_bayou_shore_a
Lair:2:   layout_layer_cave, mainiacjoe_swamp_entry_angry_trees,
          spider_nest_entry_rubble
Lair:3:   layout_gridlike, minivault_23, lemuel_old_faithful,
          infiniplex_staircase_pool
Lair:4:   layout_gridlike, dpeg_slime_entry_enclosed,
          chequers_serial_rivers_small_a
Lair:5:   gammafunk_lair_ancient_temple, layout_regular_city, grunt_megastairs_4
Swamp:1:  layout_basic_swamp, nicolae_swamp_dense_foliage, uniq_jorgrun
Swamp:2:  layout_basic_swamp, nicolae_swamp_feature_on_the_river_bank
Swamp:3:  layout_basic_swamp, evilmike_swamp_ruin_rubble_2, swamp_pool_1_2,
          uniq_kirke
Swamp:4:  grunt_swamp_rune_castle, layout_basic_swamp
Spider:1: layout_spider_delve
Spider:2: layout_chambers, uniq_donald
Spider:3: layout_spider_delve
Spider:4: spider_rune_water, nicolae_spider_twisty_arc_passages,
          uniq_bai_suzhen, uniq_arachne, uniq_mlioglotl
Orc:1:    nicolae_orc_accident_1, layout_caves, serial_shops,
          nicolae_shop_real_fake_doors
Orc:2:    st_orc_mages, layout_caves, uniq_josephine
Elf:1:    elf_arrival_001, layout_gridlike, serial_shops, shop,
          minmay_elf_necromancy, minivault_20
Elf:2:    elven_hall_of_blades_hangedman_original [nicolae_blade_little_rooms],
          layout_geoelf_diagonals, serial_shops, nicolae_shop_advertising_works
          [nicolae_subvault_shop_adworks], uniq_nikola, uniq_zenata
Elf:3:    minmay_elf_hall_statues, layout_geoelf_diagonals
Vaults:1: ontoclasm_vaults_tryst, grunt_vaults_twisty, v_misc_16,
          nicolae_vaults_trapezoid_4, vaults_room_door_hall,
          nicolae_vaults_little_squares_6, layout_vaults_omnigrid, uniq_aizul
Vaults:2: vaults_mumra_chevron_long, ontoclasm_vaults_twist, v_misc_29,
          nicolae_vaults_circle_grid_a, minmay_crypt_entry_necro_gods,
          nicolae_vaults_shelves_hall, ontoclasm_vaults_claustrophobia,
          serial_ice_m, v_rooms_5, nicolae_vaults_little_squares_5,
          nicolae_vaults_bisected_inception, vaults_room_corners,
          nicolae_vaults_trapezoid_3, layout_vaults_maze_snakey
Vaults:3: biasface_ghost_orc_armoury, nicolae_vaults_security_offices_6,
          nicolae_vaults_arrows, nicolae_vaults_heart-shaped_vault,
          nicolae_vaults_six-pack, nicolae_vaults_big_ls,
          nicolae_vaults_storage_room_statues,
          vaults_standard_mumra_enter_the_diamond, vaults_room_corners,
          layout_vaults_omnicross
Vaults:4: nicolae_vaults_storage_closets_3, v_rooms_3,
          nicolae_vaults_little_squares_5, serial_library_hellmonk_open_cross,
          nicolae_vaults_weapon_check, layout_vaults_omnibox, uniq_sojobo
Vaults:5
Depths:1: layout_long_grid, enter_ziggurat_a, fedhas_altar_4, grunt_metal_band,
          minivault_14, minmay_misc_feat_columns, grunt_decor_cap,
          minmay_misc_feat_more_columns, minmay_misc_feat_encased
Depths:2: minmay_dotted_concentric_squares, layout_basic,
          grunt_pan_entry_zigzag, pf_hell_entry_great_geh, xom_redecorated
Depths:3: minmay_eyes, layout_basic, grunt_hell_entry_dis_mu,
          hangedman_decor_slide_cut, abyss_entry
Depths:4: grunt_twist_and_shout, layout_gridlike, kennysheep_flooded_box,
          nicolae_hell_entry_big_baal_hell, uniq_grunn
Zot:1:    cheibrodos_zot_enchanting_chambers, layout_gridville,
          regret_index_zotdec_icy_dp
Zot:2:    grunt_deathspiral_small, layout_concentric_octagons,
          grunt_ministairs_9, nicolae_shop_clearance
Zot:3:    layout_onion, skrybe_zot_glass_2, regret_index_zotdec_twisting_globes,
          uniq_parghit
Zot:4:    layout_cathedral_of_symmetry
Zot:5:    layout_cathedral_of_symmetry, drop_trap

Notes
Turn   | Place    | Note
-------+----------+-------------------------------------------
     0 | D:1      | MackTheKnife the Minotaur Gladiator began the quest for the
                  | Orb.
     0 | D:1      | Reached XP level 1. HP: 18/18 MP: 0/0
     0 | D:1      | magus.rc [v1.9.6]
   274 | D:1      | Reached skill level 4 in Axes
   422 | D:1      | Reached XP level 2. HP: 25/25 MP: 1/1
   819 | D:2      | Reached skill level 1 in Stealth
   913 | D:2      | Found a stormy altar of Qazlal.
  1024 | D:2      | Reached XP level 3. HP: 30/30 MP: 2/2
  1174 | D:2      | Reached skill level 2 in Stealth
  1174 | D:2      | Reached skill level 3 in Fighting
  1211 | D:2      | Found a faded altar of an unknown god.
  1269 | D:2      | You pick up a book of Armaments and begin reading...
  1269 | D:2      | You add the spells Stone Arrow, Animate Armour and
                  | Lehudib's Crystal Spear to your library.
  1471 | D:3      | Reached XP level 4. HP: 39/39 MP: 3/3
  1624 | D:3      | Found a sparkling altar of Nemelex Xobeh.
  1666 | D:3      | Reached skill level 4 in Fighting
  1945 | D:3      | Reached skill level 5 in Axes
  1955 | D:3      | Found a snail-covered altar of Cheibriados.
  1995 | D:3      | Reached XP level 5. HP: 45/46 MP: 4/4
  2435 | D:4      | Noticed an ogre
  2443 | D:4      | Killed an ogre
  2444 | D:4      | Reached skill level 2 in Evocations
  2562 | D:4      | Reached skill level 5 in Fighting
  2562 | D:4      | Reached XP level 6. HP: 56/56 MP: 5/5
  2581 | D:4      | Found a stormy altar of Qazlal.
  2596 | D:4      | Identified the +1 pair of gloves of the Merwolf {Int+5}
  2641 | D:4      | Noticed Sigmund
  2747 | D:4      | Reached skill level 6 in Axes
  2755 | D:4      | Killed Sigmund
  2756 | D:4      | Reached skill level 6 in Fighting
  2756 | D:4      | Reached XP level 7. HP: 63/63 MP: 6/6
  2838 | D:4      | Found a glowing silver altar of Zin.
  2841 | D:4      | Reached skill level 7 in Axes
  2928 | D:4      | Found an iron altar of Okawaru.
  3193 | D:4      | Became a worshipper of Warmaster Okawaru
  3329 | D:5      | Entered Level 5 of the Dungeon
  3691 | D:5      | Reached skill level 7 in Fighting
  3803 | D:5      | Noticed a gargoyle
  4088 | D:5      | Reached skill level 8 in Axes
  4093 | D:5      | Reached XP level 8. HP: 43/74 MP: 7/7
  4491 | D:5      | You pick up a book of the Senses and begin reading...
  4491 | D:5      | You add the spells Dazzling Flash, Agony and Silence to
                  | your library.
  4500 | D:5      | Reached * piety under Okawaru
  4501 | D:5      | Reached skill level 8 in Fighting
  4535 | D:5      | Found a basalt altar of Yredelemnul.
  4559 | D:5      | You pick up a book of Armaments and begin reading...
  4743 | D:5      | Found a runed translucent door.
  4744 | D:5      | Noticed Crazy Yiuf
  5058 | D:6      | Found a broken altar of Ashenzari.
  5058 | D:6      | Found a radiant altar of Vehumet.
  5184 | D:6      | Reached skill level 9 in Axes
  5361 | D:6      | Reached skill level 9 in Fighting
  5522 | D:6      | Found a glowing golden altar of the Shining One.
  5599 | D:6      | Reached skill level 10 in Axes
  5611 | D:6      | You add the spells Blink and Manifold Assault to your
                  | library.
  5735 | D:6      | Found an opulent altar of Gozag.
  5798 | D:6      | Found a blossoming altar of Fedhas.
  5895 | D:6      | Found a burning altar of Makhleb.
  6198 | D:7      | Reached ** piety under Okawaru
  6199 | D:7      | Reached XP level 9. HP: 85/85 MP: 8/8
  6285 | D:7      | Found Ugid's Antique Armour Shoppe.
  6331 | D:7      | Reached skill level 10 in Fighting
  6369 | D:7      | Reached skill level 4 in Dodging
  6519 | D:7      | Reached skill level 1 in Armour
  6692 | D:7      | Reached skill level 5 in Dodging
  6857 | D:7      | Reached skill level 11 in Axes
  6857 | D:7      | Reached skill level 2 in Armour
  6899 | D:7      | Reached *** piety under Okawaru
  6906 | D:7      | Found a staircase to the Ecumenical Temple.
  7012 | D:8      | Reached skill level 3 in Armour
  7065 | D:8      | Reached skill level 6 in Dodging
  7083 | D:8      | Reached skill level 4 in Armour
  7187 | D:8      | Noticed an orc sorcerer
  7240 | D:7      | Reached XP level 10. HP: 93/93 MP: 9/9
  7502 | D:8      | Reached **** piety under Okawaru
  7503 | D:8      | Found an ancient bone altar of Kikubaaqudgha.
  7692 | D:8      | Reached skill level 5 in Armour
  7717 | D:8      | Reached skill level 12 in Axes
  7794 | D:8      | Found a hazy altar of Hepliaklqana.
  8202 | D:8      | Paralysed by an orc sorcerer for 4 turns
  8206 | D:8      | Killed an orc sorcerer
  8352 | D:8      | Reached skill level 13 in Axes
  8412 | D:9      | Noticed a two-headed ogre
  8421 | D:9      | Killed a two-headed ogre
  8476 | D:9      | Noticed a two-headed ogre
  8486 | D:9      | Killed a two-headed ogre
  8487 | D:9      | Reached skill level 14 in Axes
  8940 | D:9      | Found a runed translucent gate.
  8940 | D:9      | Found a runed translucent gate.
  8940 | D:9      | Found a runed translucent gate.
  8946 | D:9      | Noticed DEFE's ghost (novice DsFi)
  9004 | D:9      | Reached ***** piety under Okawaru
  9025 | D:9      | Reached skill level 11 in Fighting
  9049 | D:9      | Reached XP level 11. HP: 94/102 MP: 8/10
  9052 | D:9      | Noticed a centaur warrior
  9062 | D:9      | Killed a centaur warrior
  9064 | D:9      | Reached skill level 15 in Axes
  9163 | D:9      | You pick up a book of Scorching and begin reading...
  9163 | D:9      | You add the spells Scorch and Flame Wave to your library.
  9224 | D:9      | Noticed a deep elf pyromancer
  9224 | D:9      | Noticed a seven-headed hydra
  9242 | D:10     | Entered Level 10 of the Dungeon
  9253 | D:10     | You pick up a book of the Hunter and begin reading...
  9253 | D:10     | You add the spells Sigil of Binding, Dimensional Bullseye
                  | and Leda's Liquefaction to your library.
  9557 | D:9      | Noticed a two-headed ogre
  9567 | D:9      | Killed a two-headed ogre
  9568 | D:9      | Reached skill level 12 in Fighting
  9634 | D:9      | Killed a deep elf pyromancer
  9852 | D:10     | Noticed Psyche
  9858 | D:10     | Killed Psyche
 10090 | D:10     | Noticed Sonja
 10096 | D:10     | Killed Sonja
 10097 | D:10     | Reached skill level 16 in Axes
 10270 | D:10     | Reached skill level 13 in Fighting
 10270 | D:10     | Noticed Lodul
 10281 | D:10     | Killed Lodul
 10281 | D:10     | Received a gift from Okawaru
 10793 | D:10     | Found a shimmering blue altar of Sif Muna.
 10975 | D:11     | You add the spells Passage of Golubria and Yara's Violent
                  | Unravelling to your library.
 11027 | D:11     | You pick up a book of Geomancy and begin reading...
 11027 | D:11     | You add the spells Sandblast, Passwall and Brom's
                  | Barrelling Boulder to your library.
 11176 | D:11     | Found a hazy altar of Hepliaklqana.
 11440 | D:11     | Reached XP level 12. HP: 113/116 MP: 11/11
 11459 | D:11     | Found a staircase to the Lair.
 11597 | D:11     | Found Luaru's Distillery.
 11605 | D:11     | Bought a potion of heal wounds for 75 gold pieces
 11605 | D:11     | Bought a potion of curing for 45 gold pieces
 11605 | D:11     | Bought 2 potions of curing for 90 gold pieces
 11605 | D:11     | Bought 2 potions of invisibility for 240 gold pieces
 11712 | Gauntlet | Identified the of Qeast
 11712 | Lair:1   | Entered Level 1 of the Lair of Beasts
 11715 | Lair:1   | Noticed a death yak
 11764 | Lair:1   | Found a runed translucent door.
 11764 | Lair:1   | Found a shimmering altar of Xom.
 11764 | Lair:1   | Noticed Fuykliru's ghost (journeyman MiFi)
 11862 | Lair:1   | Reached skill level 1 in Invocations
 11906 | Lair:1   | Reached skill level 2 in Invocations
 11909 | Lair:1   | Reached ****** piety under Okawaru
 11909 | Lair:1   | Received a gift from Okawaru
 11913 | Lair:1   | Reached skill level 3 in Invocations
 11918 | Lair:1   | Acquired a +0 vampiric broad axe
 11918 | Lair:1   | Received a gift from Okawaru
 11976 | Lair:1   | Acquired the +3 crown of Dyrovepreva {rElec Int+2 SInv}
 11976 | Lair:1   | Received a gift from Okawaru
 11976 | Lair:1   | Found the +3 crown of Dyrovepreva {rElec Int+2 SInv}
 12057 | Lair:1   | Noticed a death yak
 12058 | Lair:1   | Noticed a death yak
 12094 | Lair:1   | Killed a death yak
 12095 | Lair:1   | Reached skill level 4 in Invocations
 12409 | Lair:1   | Noticed a death yak
 12410 | Lair:1   | Noticed a death yak
 12414 | Lair:1   | Noticed a death yak
 12421 | Lair:1   | Killed a death yak
 12422 | Lair:1   | Reached skill level 5 in Invocations
 12427 | Lair:1   | Killed a death yak
 12434 | Lair:1   | Killed a death yak
 12435 | Lair:1   | Reached skill level 6 in Invocations
 12441 | Lair:1   | Killed a death yak
 12441 | Lair:1   | Killed a death yak
 12442 | Lair:1   | Reached skill level 7 in Invocations
 12649 | Lair:1   | Received a gift from Okawaru
 13036 | Lair:2   | You pick up a book of Debilitation and begin reading...
 13036 | Lair:2   | You add the spells Slow, Vampiric Draining and Confusing
                  | Touch to your library.
 13111 | Lair:2   | Reached skill level 8 in Invocations
 13287 | Lair:2   | Reached skill level 14 in Fighting
 13420 | Lair:2   | Reached skill level 17 in Axes
 13561 | Lair:2   | Paralysed by a hornet for 3 turns
 13685 | Lair:2   | Found a staircase to the Swamp.
 13803 | Lair:2   | Received a gift from Okawaru
 14273 | Lair:2   | Found a hole to the Spider Nest.
 14414 | Lair:2   | Noticed a four-headed hydra
 14912 | Lair:3   | Received a gift from Okawaru
 14944 | Lair:3   | Reached XP level 13. HP: 100/125 MP: 18/18
 14952 | Lair:3   | Reached skill level 15 in Fighting
 15413 | Lair:3   | Reached skill level 18 in Axes
 15813 | Lair:4   | Received a gift from Okawaru
 15814 | Lair:4   | Reached skill level 16 in Fighting
 15863 | Lair:4   | You pick up a book of the Dragon and begin reading...
 15863 | Lair:4   | You add the spells Cause Fear and Fireball to your library.
 15891 | Lair:4   | Reached skill level 7 in Dodging
 16010 | Lair:4   | Found a staircase to the Slime Pits.
 16428 | Lair:4   | Reached skill level 6 in Armour
 16683 | Lair:5   | Entered Level 5 of the Lair of Beasts
 17069 | Lair:5   | Received a gift from Okawaru
 17145 | Lair:5   | Reached skill level 8 in Dodging
 17158 | Lair:5   | Reached skill level 7 in Armour
 17201 | Lair:5   | Reached skill level 3 in Throwing
 17448 | Lair:5   | Reached skill level 4 in Throwing
 17448 | Lair:5   | Reached skill level 8 in Armour
 17456 | Lair:5   | Received a gift from Okawaru
 17478 | Lair:5   | Reached skill level 9 in Dodging
 17548 | Lair:5   | Reached XP level 14. HP: 121/137 MP: 13/19
 17740 | Lair:5   | Reached skill level 5 in Throwing
 17817 | Lair:5   | Reached skill level 9 in Armour
 17863 | Lair:5   | You pick up a book of Annihilations and begin reading...
 17863 | Lair:5   | You add the spells Chain Lightning, Fire Storm and Shatter
                  | to your library.
 18067 | Lair:5   | Received a gift from Okawaru
 18069 | Lair:5   | Reached skill level 10 in Dodging
 18073 | Lair:5   | Reached skill level 6 in Throwing
 18153 | Lair:5   | You pick up a book of Minor Magic and begin reading...
 18153 | Lair:5   | You add the spells Magic Dart and Mephitic Cloud to your
                  | library.
 18162 | Lair:5   | Reached skill level 10 in Armour
 18791 | D:12     | Found a frozen archway.
 18811 | IceCv    | Entered an ice cave
 18837 | IceCv    | You pick up a book of Hexes and begin reading...
 18837 | IceCv    | You add the spells Anguish and Enfeeble to your library.
 18856 | IceCv    | Reached skill level 7 in Throwing
 19068 | IceCv    | Received a gift from Okawaru
 19253 | D:12     | Found a staircase to the Orcish Mines.
 19645 | D:12     | Reached skill level 8 in Throwing
 20041 | D:12     | You add the spells Sting, Poisonous Vapours and Olgreb's
                  | Toxic Radiance to your library.
 20109 | Orc:1    | Entered Level 1 of the Orcish Mines
 20123 | Orc:1    | Reached skill level 9 in Throwing
 20144 | Orc:1    | Found Zaun's Weapon Emporium.
 20344 | Orc:2    | Entered Level 2 of the Orcish Mines
 20472 | Orc:2    | Received a gift from Okawaru
 20971 | Orc:1    | Reached skill level 10 in Throwing
 21364 | Orc:2    | Noticed Josephine
 21383 | Orc:2    | Killed Josephine
 21473 | Orc:2    | Found Zufiont's Armour Shoppe.
 21473 | Orc:2    | Found Viyrreim's Jewellery Emporium.
 21473 | Orc:2    | Found Mymp's Assorted Antiques.
 21501 | Orc:2    | Found Codongus's Antique Weapon Shoppe.
 21519 | Orc:2    | Bought a potion of heal wounds for 165 gold pieces
 21519 | Orc:2    | Bought a scroll of identify for 66 gold pieces
 21520 | Orc:2    | Bought a tapered lead wand for 132 gold pieces
 21520 | Orc:2    | Bought a scorched scale mail for 297 gold pieces
 21520 | Orc:2    | Identified the +0 scale mail "Igoyty" {Int+3} (You bought
                  | it in a shop on level 2 of the Orcish Mines)
 21521 | Orc:2    | Bought a runed chain mail for 247 gold pieces
 21545 | Orc:2    | Bought a +0 kite shield for 63 gold pieces
 21729 | Orc:2    | Found a staircase to the Elven Halls.
 21844 | D:13     | Reached skill level 1 in Shields
 21870 | D:13     | Reached XP level 15. HP: 144/144 MP: 20/20
 21894 | D:13     | Reached skill level 2 in Shields
 21984 | D:13     | Reached skill level 3 in Shields
 22003 | D:13     | Reached skill level 4 in Shields
 22063 | D:13     | Noticed Erolcha
 22068 | D:13     | Killed Erolcha
 22086 | D:13     | Noticed Nessos
 22096 | D:13     | Killed Nessos
 22121 | D:13     | Identified the +0 leather armour "Qilifij" {-Tele rElec
                  | rN++ Will-}
 22150 | D:13     | Reached skill level 5 in Shields
 22778 | D:9      | Received a gift from Okawaru
 22801 | D:9      | Reached skill level 6 in Shields
 23016 | D:9      | Reached skill level 7 in Shields
 23019 | D:9      | Killed DEFE's ghost
 23187 | Orc:2    | Bought a scroll of identify for 66 gold pieces
 23326 | D:13     | Noticed Urug
 23327 | D:13     | Urug changed into Urug the fire crab
 23327 | D:13     | Noticed Urug
 23335 | D:13     | Killed Urug the fire crab
 23569 | D:14     | Noticed Snorg
 23583 | D:14     | Killed Snorg
 23584 | D:14     | Reached skill level 8 in Shields
 23611 | D:14     | Noticed Frances
 23623 | D:14     | Killed Frances
 23705 | D:14     | Reached skill level 9 in Shields
 23771 | D:14     | Received a gift from Okawaru
 23954 | D:14     | Reached skill level 10 in Shields
 23965 | D:14     | Found a gate to the Vaults.
 24371 | D:15     | Entered Level 15 of the Dungeon
 24403 | D:15     | Found a gate leading to a gauntlet.
 24411 | Gauntlet | Entered a Gauntlet
 24411 | Gauntlet | Found a transporter.
 24411 | Gauntlet | Found a transporter.
 24420 | Gauntlet | Found a transporter.
 24422 | Gauntlet | Found a transporter.
 24423 | Gauntlet | Found a transporter.
 24425 | Gauntlet | Found a transporter.
 24464 | Gauntlet | Found a transporter.
 24466 | Gauntlet | Found a transporter.
 24466 | Gauntlet | Found a transporter.
 24476 | Gauntlet | Found a runed translucent gate.
 24476 | Gauntlet | Found a runed translucent gate.
 24476 | Gauntlet | Found a runed translucent gate.
 24478 | Gauntlet | Found a transporter.
 24496 | Gauntlet | Found a transporter.
 24506 | Gauntlet | Found a transporter.
 24520 | Gauntlet | Found a transporter.
 24540 | Gauntlet | Found a transporter.
 24609 | Gauntlet | Identified the +3 pair of boots "Poatipeu" {Will+ Str+8
                  | Dex-5 SInv}
 24725 | Gauntlet | You add the spells Shock, Iskenderun's Mystic Blast,
                  | Arcjolt and Starburst to your library.
 24771 | Gauntlet | Reached skill level 11 in Shields
 24915 | Gauntlet | Identified the ring of Zyih {rPois rN+ AC+4 Str+4 Int-5
                  | Dex-2}
 24919 | Gauntlet | Identified the amulet "Losopes" {RegenMP -Tele rPois Regen+
                  | Stlth+}
 24955 | Gauntlet | You pick up a book of Minor Magic and begin reading...
 24997 | D:15     | Identified a scroll of acquirement
 24998 | D:15     | Acquired a manual of Dodging
 25117 | D:15     | Received a gift from Okawaru
 25125 | D:15     | Reached skill level 11 in Dodging
 25161 | D:15     | Found a staircase to the Depths.
 25166 | D:15     | Reached skill level 12 in Shields
 25228 | D:15     | Reached skill level 12 in Dodging
 25262 | D:15     | Received a gift from Okawaru
 25880 | Spider:1 | Entered Level 1 of the Spider Nest
 25916 | Spider:1 | You pick up a book of the Moon and begin reading...
 25918 | Spider:1 | Identified the +10 dagger "Dothraxt" {venom, rF+ Will+
                  | Str-3 Int+5}
 26075 | Spider:1 | Noticed an emperor scorpion
 26098 | Spider:1 | Killed an emperor scorpion
 26099 | Spider:1 | Reached skill level 13 in Dodging
 26099 | Spider:1 | Reached XP level 16. HP: 145/151 MP: 21/21
 26627 | Spider:1 | Received a gift from Okawaru
 26635 | Spider:1 | Reached skill level 13 in Shields
 26880 | Spider:2 | Identified the of Amugeinu
 27220 | Spider:2 | Reached skill level 14 in Dodging
 27570 | Spider:2 | You add the spells Wereblood, Irradiate and Alistair's
                  | Intoxication to your library.
 27592 | Spider:2 | You pick up a book of Debilitation and begin reading...
 27601 | Spider:2 | Identified the +11 rapier of the Desert {holy, rElec rN+
                  | Int-3}
 27648 | Spider:2 | Reached skill level 14 in Shields
 27652 | Spider:2 | Received a gift from Okawaru
 27660 | Spider:2 | Reached skill level 15 in Dodging
 28016 | Spider:2 | Noticed Donald
 28049 | Spider:2 | You fall into a shaft and drop 1 floor!
 28401 | Spider:2 | Killed Donald
 28863 | Spider:3 | Reached skill level 16 in Dodging
 29102 | Spider:3 | Reached skill level 15 in Shields
 29272 | Spider:4 | Entered Level 4 of the Spider Nest
 29273 | Spider:4 | Identified the dragon-blood talisman of the Pleiades
                  | {Int+3}
 29273 | Spider:4 | Noticed Bai Suzhen
 29281 | Spider:4 | Noticed Mlioglotl
 29293 | Spider:4 | Killed Bai Suzhen
 29296 | Spider:4 | Killed Mlioglotl
 29296 | Spider:4 | Received a gift from Okawaru
 29297 | Spider:4 | Reached skill level 17 in Dodging
 29297 | Spider:4 | Noticed Arachne
 29322 | Spider:4 | Killed Arachne
 29779 | Spider:4 | Reached skill level 18 in Dodging
 29837 | Spider:4 | Received a gift from Okawaru
 30752 | Spider:4 | Reached XP level 17. HP: 158/158 MP: 22/22
 31231 | Spider:4 | Reached skill level 17 in Fighting
 31328 | Spider:4 | Got a gossamer rune of Zot
 31864 | Lair:2   | Received a gift from Okawaru
 31999 | Swamp:1  | Entered Level 1 of the Swamp
 32744 | Swamp:1  | Reached skill level 11 in Armour
 32788 | Swamp:1  | Noticed Jorgrun
 32804 | Swamp:1  | Killed Jorgrun
 33153 | Swamp:1  | Reached skill level 3 in Evocations
 33864 | Swamp:2  | Received a gift from Okawaru
 33869 | Swamp:2  | You pick up a book of Minor Magic and begin reading...
 34018 | Swamp:2  | You pick up a book of Air and begin reading...
 34018 | Swamp:2  | You add the spells Swiftness and Airstrike to your library.
 34371 | Swamp:2  | Reached skill level 4 in Evocations
 34791 | Swamp:3  | Reached skill level 9 in Invocations
 35033 | Swamp:3  | You pick up a book of Armaments and begin reading...
 35151 | Swamp:3  | Noticed Kirke
 35437 | Swamp:3  | Reached skill level 18 in Fighting
 35437 | Swamp:3  | Reached skill level 12 in Armour
 35487 | Swamp:3  | Noticed a sphinx
 35490 | Swamp:3  | Killed Kirke
 35549 | Swamp:4  | Entered Level 4 of the Swamp
 35879 | Swamp:4  | Received a gift from Okawaru
 35885 | Swamp:4  | Reached XP level 18. HP: 172/172 MP: 21/24
 35915 | Swamp:4  | Reached skill level 5 in Evocations
 36090 | Swamp:4  | Noticed the 27-headed Lernaean hydra
 36101 | Swamp:4  | Killed the 27-headed Lernaean hydra
 36101 | Swamp:4  | Received a gift from Okawaru
 36119 | Swamp:4  | Reached skill level 19 in Axes
 36125 | Swamp:4  | Got a decaying rune of Zot
 36432 | Swamp:4  | Reached skill level 10 in Invocations
 36586 | Swamp:4  | Received a gift from Okawaru
 36831 | Vaults:1 | Entered Level 1 of the Vaults
 37037 | Vaults:1 | Reached skill level 6 in Evocations
 37039 | Vaults:1 | Reached skill level 13 in Armour
 37295 | Vaults:1 | Identified the +1 chain mail of Dedihal {Int+3}
 37375 | Vaults:1 | Received a gift from Okawaru
 37478 | Vaults:1 | Identified the serpent talisman "Nuguv" {Fly rF- Dex+2}
 37478 | Vaults:1 | Noticed Aizul
 37501 | Vaults:1 | Killed Aizul
 38112 | Vaults:2 | Received a gift from Okawaru
 38129 | Vaults:2 | Reached skill level 19 in Fighting
 38260 | Vaults:2 | Reached skill level 7 in Evocations
 38690 | Vaults:2 | Reached skill level 14 in Armour
 38821 | Vaults:2 | Reached XP level 19. HP: 183/183 MP: 25/25
 38948 | Vaults:2 | Received a gift from Okawaru
 38949 | Vaults:2 | Reached skill level 20 in Axes
 39314 | Vaults:2 | Found a staircase to the Crypt.
 39314 | Vaults:2 | Found an ancient bone altar of Kikubaaqudgha.
 39314 | Vaults:2 | Found a basalt altar of Yredelemnul.
 39441 | Vaults:3 | Reached skill level 8 in Evocations
 39681 | Vaults:3 | Reached skill level 20 in Fighting
 39825 | Vaults:3 | Found a runed translucent gate.
 39825 | Vaults:3 | Found a runed translucent gate.
 39825 | Vaults:3 | Noticed Qotsoore's ghost (adept DsFi)
 39826 | Vaults:3 | Found a runed translucent gate.
 39910 | Vaults:3 | Received a gift from Okawaru
 40153 | Vaults:3 | Reached skill level 11 in Invocations
 40508 | Vaults:3 | Reached skill level 12 in Invocations
 40523 | Vaults:3 | Received a gift from Okawaru
 40810 | Vaults:3 | Reached skill level 9 in Evocations
 40827 | Vaults:3 | Killed Qotsoore's ghost
 40941 | Vaults:4 | Received a gift from Okawaru
 40982 | Vaults:4 | Reached skill level 10 in Evocations
 40983 | Vaults:4 | Noticed Sojobo
 41011 | Vaults:4 | Killed Sojobo
 41115 | Vaults:4 | You pick up a book of Spatial Translocations and begin
                  | reading...
 41115 | Vaults:4 | You add the spells Momentum Strike and Lesser Beckoning to
                  | your library.
 41325 | Vaults:4 | You pick up a book of Cantrips and begin reading...
 41325 | Vaults:4 | You add the spells Necrotise and Apportation to your
                  | library.
 41989 | Vaults:4 | You pick up a book of Party Tricks and begin reading...
 42356 | Depths:2 | Identified the "Sason"
 42356 | Elf:1    | Identified the of Edwagib
 42356 | Elf:1    | Entered Level 1 of the Elven Halls
 42374 | Elf:1    | Reached skill level 19 in Dodging
 42383 | Elf:1    | Reached XP level 20. HP: 174/193 MP: 28/28
 42553 | Elf:1    | Reached skill level 15 in Armour
 42719 | Elf:1    | Found Gerax's Antique Armour Shoppe.
 42726 | Elf:1    | Bought a fine chain mail for 266 gold pieces
 42726 | Elf:1    | Identified the +2 chain mail "Byidixeo" {rElec rF+ SInv}
                  | (You bought it in a shop on level 1 of the Elven Halls)
 42727 | Elf:1    | Bought a spiked scale mail for 252 gold pieces
 42727 | Elf:1    | Identified the +1 scale mail of the Pleiades {rElec rF+}
                  | (You bought it in a shop on level 1 of the Elven Halls)
 42728 | Elf:1    | Bought a tower shield for 126 gold pieces
 42912 | Elf:1    | Received a gift from Okawaru
 42986 | Elf:1    | You add the spells Kiss of Death and Death's Door to your
                  | library.
 43137 | Elf:2    | Found Visau's Distillery.
 43156 | Elf:2    | Bought a potion of enlightenment for 100 gold pieces
 43156 | Elf:2    | Bought a potion of enlightenment for 100 gold pieces
 43156 | Elf:2    | Bought a potion of resistance for 200 gold pieces
 43201 | Elf:2    | Identified the +10 whip of Infection {antimagic, rPois
                  | Str+2 Int-2 SInv}
 43277 | Elf:2    | Identified the ring of Hospitality {rN+ Str+2 Dex+3}
 43332 | Elf:2    | Found a runed translucent gate.
 43332 | Elf:2    | Found a runed translucent gate.
 43332 | Elf:2    | Found a runed translucent gate.
 43785 | Elf:3    | Identified the "Qauschos"
 43785 | Elf:3    | Identified the of Dakh
 43785 | Elf:3    | Identified the "Naap"
 43785 | Elf:3    | Identified the "Veug"
 43785 | Elf:3    | Entered Level 3 of the Elven Halls
 44205 | Elf:3    | Reached skill level 16 in Armour
 44354 | Elf:3    | Reached skill level 16 in Shields
 44419 | Elf:3    | Received a gift from Okawaru
 44610 | Elf:3    | Paralysed by an air elemental for 1 turns
 44704 | Elf:3    | Found the ring of the Octopus King {Wiz HP+2 AC+2 EV+2
                  | SH+2}
 44704 | Elf:3    | a deep elf blademaster comes into view. It is wielding two
                  | +0 rapiers and wearing a ring of the Octopus King {Wiz HP+2
                  | AC+2 EV+2 SH+2}.
 44713 | Elf:3    | Identified the +7 plate armour of Zogougiu {*Corrode rC++
                  | Slay+3}
 44717 | Elf:3    | Identified the ring of Rolonku {rF+ Str+6}
 44822 | Elf:3    | Reached skill level 17 in Armour
 44860 | Elf:3    | Reached skill level 17 in Shields
 45049 | Elf:3    | You pick up a book of Dreams and begin reading...
 45060 | Elf:3    | You pick up a book of Winter and begin reading...
 45060 | Elf:3    | You add the spells Ozocubu's Armour and Metabolic
                  | Englaciation to your library.
 45062 | Elf:3    | You pick up a book of the Tundra and begin reading...
 45064 | Elf:3    | You add the spells Ignite Poison and Borgnjor's Vile Clutch
                  | to your library.
 45072 | Elf:3    | Identified the +6 hand axe "Siraoramn" {protect, rC+++}
 45079 | Elf:3    | You add the spells Foxfire and Conjure Ball Lightning to
                  | your library.
 45082 | Elf:3    | Identified the +3 spear of Fate {venom, rF++ rN++}
 45085 | Elf:3    | Identified the +4 war axe of the End of Times {venom, rElec
                  | rC+ Will+}
 45089 | Elf:3    | Identified the +7 orcbow of Ydynkuud {drain, rC+ Str+4
                  | Dex+3}
 45494 | Vaults:5 | Entered Level 5 of the Vaults
 45494 | Vaults:5 | Noticed a dread lich
 45523 | Vaults:5 | Noticed a golden dragon
 45566 | Vaults:5 | Received a gift from Okawaru
 45648 | Vaults:5 | Killed a golden dragon
 45665 | Vaults:5 | Received a gift from Okawaru
 45676 | Vaults:5 | Reached skill level 18 in Armour
 45677 | Vaults:5 | Noticed a dread lich
 45683 | Vaults:5 | Noticed a dread lich
 45684 | Vaults:5 | Killed a dread lich
 45685 | Vaults:5 | Reached skill level 18 in Shields
 45694 | Vaults:5 | Reached XP level 21. HP: 201/201 MP: 29/29
 45695 | Vaults:5 | Identified the +6 dire flail "Bung" {pain, rPois MP+9
                  | Dex-5}
 45696 | Vaults:5 | Killed a dread lich
 45713 | Vaults:5 | Killed a dread lich
 45751 | Vaults:5 | Noticed an ancient lich
 45890 | Vaults:5 | Received a gift from Okawaru
 46024 | Vaults:5 | Reached skill level 19 in Armour
 46085 | Vaults:5 | Reached skill level 19 in Shields
 46121 | Vaults:5 | You pick up a book of Displacement and begin reading...
 46121 | Vaults:5 | You add the spells Gell's Gravitas and Teleport Other to
                  | your library.
 46141 | Vaults:5 | Received a gift from Okawaru
 46181 | Vaults:5 | Identified the amulet "Qotarow" {Acrobat Will+ Dex+5}
 46189 | Vaults:5 | Noticed a dread lich
 46206 | Vaults:5 | Noticed a dread lich
 46214 | Vaults:5 | Killed a dread lich
 46218 | Vaults:5 | Killed an ancient lich
 46219 | Vaults:5 | Identified the +4 sling "Tuag" {flame, rPois}
 46219 | Vaults:5 | Identified the +2 ice dragon scales "Caomnops" {rF- rC++
                  | Int+5}
 46350 | Vaults:4 | Killed a dread lich
 46372 | Vaults:5 | Received a gift from Okawaru
 46435 | Vaults:5 | Reached skill level 20 in Armour
 46452 | Vaults:5 | Reached skill level 20 in Shields
 46512 | Vaults:5 | Identified the +7 shortbow of Gin and Tonic {flame, rPois
                  | rC- rCorr}
 46513 | Vaults:5 | Identified the +1 long sword "Ykiopt" {vamp, Drain rPois
                  | rN++ SInv}
 46513 | Vaults:5 | Identified the ring "Heich" {*Corrode Str+6 Dex+6 Stlth+}
 46572 | Vaults:5 | Identified the ring "Ilurr" {rF+ rCorr Int+3 Dex+7 Stlth+}
 46749 | Vaults:5 | Received a gift from Okawaru
 46950 | Vaults:5 | You pick up a book of the Spheres and begin reading...
 46950 | Vaults:5 | You add the spells Iskenderun's Battlesphere and Orb of
                  | Destruction to your library.
 47159 | Vaults:5 | Identified the serpent talisman of Pantheism {Str+5}
 47178 | Vaults:5 | You pick up a book of Chaos and begin reading...
 47178 | Vaults:5 | You add the spells Disjunction and Discord to your library.
 47198 | Vaults:5 | Found the +2 cloak of the Thief {*Fog Slay-2 SInv Stlth+}
 47201 | Vaults:5 | Got a silver rune of Zot
 47543 | Depths:1 | Entered Level 1 of the Depths
 47591 | Depths:1 | Reached XP level 22. HP: 202/211 MP: 26/30
 47608 | Depths:1 | Received a gift from Okawaru
 47609 | Depths:1 | Reached skill level 21 in Axes
 47610 | Depths:1 | Reached skill level 21 in Fighting
 47937 | Depths:1 | Noticed Margery
 47962 | Depths:1 | Killed Margery
 48026 | Depths:1 | Found a one-way gateway to a ziggurat.
 48293 | Depths:1 | Found a gateway to Hell.
 48376 | Depths:1 | Found a blossoming altar of Fedhas.
 48471 | Depths:2 | Identified the +6 long sword "Offup" {elec, rF+ Str+4
                  | Dex-2}
 48495 | Depths:2 | Found a shimmering altar of Xom.
 48495 | Depths:2 | Found a shimmering altar of Xom.
 48668 | Depths:2 | Found a shimmering altar of Xom.
 48668 | Depths:2 | Found a shimmering altar of Xom.
 48672 | Depths:2 | Found a shimmering altar of Xom.
 48720 | Depths:2 | Received a gift from Okawaru
 48740 | Depths:2 | Noticed a caustic shrike
 48750 | Depths:2 | Killed a caustic shrike
 48803 | Depths:2 | Identified the +2 battleaxe "Bijah" {venom, rF+}
 48825 | Depths:2 | Noticed a juggernaut
 48839 | Depths:2 | Killed a juggernaut
 48850 | Depths:2 | Reached skill level 22 in Fighting
 48850 | Depths:2 | Reached skill level 22 in Axes
 48948 | Depths:2 | Received a gift from Okawaru
 49307 | Depths:2 | Found a one-way gate leading to the halls of Pandemonium.
 49963 | Depths:3 | Noticed a caustic shrike
 49977 | Depths:3 | Killed a caustic shrike
 49986 | Depths:3 | Noticed a caustic shrike
 49991 | Depths:3 | Noticed a caustic shrike
 49992 | Depths:3 | Killed a caustic shrike
 49996 | Depths:3 | Noticed a caustic shrike
 50000 | Depths:3 | Killed a caustic shrike
 50003 | Depths:3 | Killed a caustic shrike
 50051 | Depths:3 | You fall into a shaft and drop 1 floor!
 50051 | Depths:4 | Entered Level 4 of the Depths
 50124 | Depths:4 | Noticed a golden dragon
 50149 | Depths:4 | Killed a golden dragon
 50150 | Depths:4 | Reached skill level 21 in Armour
 50150 | Depths:4 | Reached skill level 21 in Shields
 50172 | Depths:4 | Found a gate to the Realm of Zot.
 50230 | Depths:4 | Received a gift from Okawaru
 50504 | Depths:4 | Reached XP level 23. HP: 219/223 MP: 31/31
 50624 | Depths:4 | Noticed Grunn
 50676 | Depths:4 | Killed Grunn
 50719 | Depths:4 | Identified the +9 dagger "Goblin's Peril" {flame, rN++
                  | Str-3 Dex+2 Stlth+}
 50852 | Depths:4 | Received a gift from Okawaru
 50891 | Depths:4 | You pick up a book of Changes and begin reading...
 50892 | Depths:4 | Found Big Baal Hell's Store.
 50920 | Depths:4 | Bought 10 scrolls of fog for 2640 gold pieces
 51368 | Depths:3 | Reached skill level 22 in Armour
 51368 | Depths:3 | Reached skill level 22 in Shields
 51887 | Depths:3 | Found a one-way gate to the infinite horrors of the Abyss.
 51902 | Depths:3 | Received a gift from Okawaru
 51993 | Depths:3 | Identified the +1 chain mail of Cofeme Tueqe {rC- Will+++
                  | Str+3 Slay+2}
 52051 | Depths:3 | Identified the ring of Defatuo {rElec EV+5 Str+5}
 52224 | Depths:3 | Reached skill level 20 in Dodging
 52430 | Depths:3 | You pick up a book of Touch and begin reading...
 52800 | Zot:1    | Identified the "Batecaed"
 52800 | Zot:1    | Entered Level 1 of the Realm of Zot
 52834 | Zot:1    | quicksilver dragon scales {rare}; a quicksilver dragon
                  | corpse
 52852 | Zot:1    | quicksilver dragon scales {rare}; a quicksilver dragon
                  | corpse
 52863 | Zot:1    | Received a gift from Okawaru
 52884 | Zot:1    | Reached skill level 21 in Dodging
 52946 | Zot:1    | +0 shadow dragon scales {rare}; a +0 mace {mace}; a shadow
                  | dragon corpse
 53041 | Zot:2    | Found Teheutav's CLEARANCE SALE!.
 53048 | Zot:2    | Bought a scroll of enchant weapon for 37 gold pieces
 53061 | Zot:2    | Noticed an electric golem
 53074 | Zot:2    | Killed an electric golem
 53178 | Zot:3    | Identified the "Qakud"
 53216 | Zot:3    | Reached skill level 22 in Dodging
 53218 | Zot:3    | Received a gift from Okawaru
 53240 | Zot:3    | Identified +0 gold dragon scales
 53266 | Zot:3    | Reached XP level 24. HP: 231/231 MP: 31/31
 53277 | Zot:4    | Noticed an electric golem
 53291 | Zot:4    | Killed an electric golem
 53294 | Zot:4    | Noticed a Killer Klown
 53295 | Zot:5    | Entered Level 5 of the Realm of Zot
 53435 | Zot:5    | Noticed an orb of fire
 53435 | Zot:5    | Noticed a Killer Klown
 53435 | Zot:5    | Noticed a dread lich
 53435 | Zot:5    | Noticed a dread lich
 53435 | Zot:5    | Noticed an electric golem
 53435 | Zot:5    | Noticed an orb of fire
 53435 | Zot:5    | Noticed an orb of fire
 53438 | Zot:5    | Got the Orb of Zot
 53446 | Zot:5    | Noticed an ancient lich
 53447 | Zot:5    | Reached skill level 13 in Invocations
 53631 | Zot:1    | +0 shadow dragon scales {rare}; a +0 mace {mace}; a shadow
                  | dragon skeleton
 53817 | D:15     | Reached skill level 14 in Invocations
 53841 | D:14     | Noticed Xemn the pandemonium lord
 53956 | D:11     | Noticed Ozyhi the pandemonium lord
 53962 | D:11     | You are cast into the Abyss!
 53962 | Abyss:4  | Cast into level 4 of the Abyss (Ozyhi)
 54005 | Abyss:4  | Found a corrupted altar of Lugonu.
 54030 | Abyss:4  | Got an abyssal rune of Zot
 54253 | Abyss:4  | Reached skill level 15 in Invocations
 54269 | D:11     | You pass through the gate.
 54269 | D:11     | Escaped the Abyss
 54285 | D:12     | Killed Ozyhi the pandemonium lord
 54311 | D:10     | Noticed Govenem the pandemonium lord
 54553 | D:$      | Escaped with the Orb!

Vanquished Creatures
  5 dread liches
  An ancient lich (Vaults:5)
  A juggernaut (Depths:2)
  A pandemonium lord (D:12)
  Sojobo (Vaults:4)
  the Lernaean hydra (Swamp:4)
  5 caustic shrikes
  Bai Suzhen (Spider:4)
  Margery (Depths:1)
  4 golden dragons
  Arachne (Spider:4)
  The ghost of Qotsoore the Warrior, an adept DsFi of Okawaru (Vaults:3)
  2 bone dragons (Depths:4)
  2 electric golems
  A Tzitzimitl (D:7)
  2 hellephants (Abyss:4)
  2 doom hounds (Depths:4)
  Jorgrun (Swamp:1)
  2 Ice Fiends
  13 tentacled monstrosities
  10 Orb Guardians
  A lich (D:11)
  A walking crystal tome (Depths:2)
  Grunn (Depths:4)
  3 deep elf blademasters (Elf:3)
  5 quicksilver dragons
  4 sphinxes
  Mlioglotl (Spider:4)
  2 deep elf master archers (Elf:3)
  A tentacled starspawn (Abyss:4)
  A titan (Vaults:5)
  4 death cobs
  A sphinx (shapeshifter) (Vaults:5)
  Frances (D:14)
  Kirke (Swamp:3)
  5 tengu reavers
  A thorn hunter (Swamp:4)
  4 draconian monks (Zot:1)
  10 storm dragons
  Donald (Spider:2)
  3 draconian knights
  7 shadow dragons
  Aizul (Vaults:1)
  7 fire giants
  14 vault wardens
  9 frost giants
  3 draconian scorchers
  An iron dragon (Vaults:5)
  A daeva (D:7)
  A ghost moth (shapeshifter) (Vaults:5)
  6 ghost moths
  4 deep elf elementalists (Elf:3)
  5 emperor scorpions
  A draconian stormcaller (Zot:1)
  An orc warlord (Vaults:3)
  7 deep elf sorcerers (Elf:3)
  2 draconian annihilators
  3 draconian shifters
  15 ironbound preservers
  4 war gargoyles
  A reaper (Depths:4)
  17 stone giants
  5 ironbound thunderhulks
  2 broodmothers (Spider:2)
  2 spriggan defenders (Depths:3)
  2 deep elf demonologists
  16 very ugly things
  Nessos (D:13)
  6 eleionomae
  A putrid mouth (Depths:4)
  2 green draconians (Depths:4)
  9 bunyips
  7 deep elf annihilators (Elf:3)
  A minotaur (Gauntlet)
  3 purple draconians
  4 white draconians
  9 dire elephants
  3 formless jellyfish
  6 spark wasps
  4 black draconians
  4 red draconians
  6 yellow draconians
  A crystal guardian (Vaults:4)
  Snorg (D:14)
  10 ettins
  A merfolk impaler (Depths:1)
  Josephine (Orc:2)
  6 deep elf death magi
  4 jiangshi
  11 fire dragons
  A quicksilver dragon zombie (Depths:3)
  3 shambling mangroves
  5 entropy weavers
  15 hydras
  3 spriggan air magi
  17 yaktaur captains
  5 deep elf high priests
  7 ice dragons
  8 great orbs of eyes
  36 vault guards
  4 rakshasas
  A salamander tyrant (Depths:4)
  A hell beast (Gauntlet)
  12 centaur warriors
  2 ghost crabs
  A jorogumo (Spider:4)
  A peacekeeper (Vaults:4)
  3 radroaches
  11 alligators
  Erolcha (D:13)
  5 boulder beetles
  A merfolk avatar (Lair:5)
  An ogre mage (Vaults:5)
  7 ironbound frosthearts
  A sphinx skeleton (Vaults:5)
  9 two-headed ogres
  6 dancing weapons
  4 vampire magi
  6 death yaks (Lair:1)
  The ghost of DEFE the Slicer, a novice DsFi of Trog (D:9)
  5 tengu warriors
  10 deep troll shamans
  4 thrashing horrors (Abyss:4)
  4 demonic crawlers
  2 occultists
  8 deep troll earth magi
  3 orc high priests
  15 hell knights
  A titan zombie (Depths:1)
  4 spriggan berserkers
  7 deep elf knights
  Sonja (D:10)
  2 salamander mystics
  3 skysharks
  A fire crab (D:13)
  2 wretched stars (Abyss:4)
  5 pharaoh ants
  A sun demon (Depths:1)
  3 titan skeletons
  3 shadow wraiths
  4 sun moths
  A death drake (Gauntlet)
  A skeletal warrior (D:14)
  A spatial maelstrom (Abyss:4)
  5 goliath frogs
  A quicksilver dragon simulacrum (Vaults:3)
  7 spriggan druids
  Lodul (D:10)
  7 glowing orange brains
  9 iron trolls
  7 deep elf archers
  A sea snake (Lair:5)
  40 deep trolls
  6 orb spiders
  2 flayed ghosts
  11 lindwurms
  2 shadow dragon zombies
  11 orc knights
  14 bog bodies
  24 ironbound convokers
  A shadow demon (Zot:1)
  4 arcanists
  12 swamp dragons
  4 steelbarb worms
  2 phantasmal warriors
  17 deep elf pyromancers
  10 deep elf zephyrmancers
  10 necromancers
  4 manticores
  15 wolf spiders
  7 salamanders
  3 will-o-the-wisps
  30 ugly things
  An oklob plant (D:12)
  A shadow dragon skeleton (Depths:3)
  19 elephants
  6 orc sorcerers
  A spectral centaur (Gauntlet)
  8 cyclopes
  2 centaur zombies (Gauntlet)
  3 ice statues (IceCv)
  A water nymph (shapeshifter) (Depths:2)
  A faun (shapeshifter) (Vaults:5)
  A stone giant skeleton (Depths:1)
  3 black mambas
  6 moths of wrath
  A molten gargoyle (Depths:2)
  A rust devil (Depths:1)
  20 vault sentinels
  5 cane toads
  19 eyes of devastation (Depths:3)
  4 torpor snails
  3 gargoyles
  An unseen horror (shapeshifter) (D:15)
  A komodo dragon (shapeshifter) (D:13)
  3 hellions
  2 unseen horrors
  Psyche (D:10)
  12 komodo dragons
  37 yaktaurs
  A tormentor (Depths:4)
  A rime drake (Lair:5)
  3 freezing wraiths
  An ancient zyme (Abyss:4)
  A redback zombie (Gauntlet)
  5 trolls
  9 polar bears
  35 hornets
  A hornet (shapeshifter) (D:9)
  A shadow dragon simulacrum (Vaults:3)
  10 meliai
  4 tyrant leeches
  16 tarantellas
  A raiju (shapeshifter) (Depths:1)
  A wind drake (shapeshifter) (Elf:3)
  22 blink frogs
  7 dream sheep (Lair:4)
  A raiju (Gauntlet)
  3 glass eyes
  A glass eye (shapeshifter) (Vaults:1)
  2 snapping turtles (Lair:5)
  A fire giant simulacrum (Depths:1)
  15 jumping spiders
  2 small abominations (Abyss:4)
  Sigmund (D:4)
  7 wyverns
  3 shadows (D:9)
  2 large abominations (Abyss:4)
  26 slime creatures
  53 yaks
  An ettin skeleton (Vaults:5)
  10 wraiths
  24 spriggans
  2 water elementals (Depths:1)
  A fire elemental (Elf:2)
  13 culicivoras
  2 humans (Swamp:3)
  2 vampires
  2 air elementals
  A hog (Swamp:3)
  3 golden eyes (Depths:3)
  5 vampire mosquitoes
  A death yak simulacrum (IceCv)
  A neqoxec (Zot:3)
  8 basilisks
  42 redbacks
  4 steam dragons
  An elf skeleton (Vaults:3)
  3 spatial vortices (Abyss:4)
  12 swamp worms
  A hydra simulacrum (IceCv)
  A harpy simulacrum (IceCv)
  An acid dragon (D:11)
  2 wargs
  16 water moccasins
  A swamp drake (shapeshifter) (D:15)
  24 orc warriors
  An ice beast (D:6)
  2 sky beasts (D:7)
  7 swamp drakes (Swamp:4)
  A black bear (Lair:2)
  14 ogres
  5 centaurs
  15 wolves
  3 phantoms
  9 kobold brigands
  An elf zombie (Elf:1)
  16 bullfrogs
  A gnoll sergeant (D:9)
  A cane toad simulacrum (IceCv)
  2 earth elementals
  4 scorpions
  17 wights
  An elephant simulacrum (IceCv)
  An oklob sapling (D:12)
  13 killer bees
  2 howler monkeys (D:11)
  4 electric eels
  21 orc priests
  A jelly (D:6)
  5 hounds
  4 sleepcaps (D:6)
  2 iguanas
  28 orc wizards
  A polar bear simulacrum (IceCv)
  2 wolf simulacra (IceCv)
  3 gnolls (D:3)
  15 adders
  A shadow imp (D:7)
  A white imp (D:8)
  2 worms (D:2)
  2 dart slugs
  71 orcs
  11 ball pythons
  5 endoplasms
  A giant cockroach (D:2)
  2 hobgoblins
  30 kobolds
  2 quokkas
  3 bats
  3 frilled lizards
  6 goblins
  6 rats
  A spectral orc (D:11)
1815 creatures vanquished.

Vanquished Creatures (others)
  A fire giant (Depths:1)
  A salamander mystic (Depths:4)
  A deep elf zephyrmancer (Elf:2)
  2 bloated husks
  An orc (Orc:2)
  8 foxfires
14 creatures vanquished.

Grand Total: 1829 creatures vanquished

Table legend:
 A = Non-vault XP
 B = Vault XP
 C = Vault XP percentage of total XP
 D = Non-vault monster count
 E = Vault monster count
 F = Vault count percentage of total count
                 A         B        C        D         E       F
            +---------+---------+-------+---------+---------+-------
      Total |  588456 |  441333 |  42.9 |    1201 |     599 |  33.3
            +---------+---------+-------+---------+---------+-------
        D:1 |      12 |       0 |   0.0 |      10 |       0 |   0.0
        D:2 |      79 |       2 |   2.5 |      16 |       1 |   5.9
        D:3 |     155 |       0 |   0.0 |      19 |       0 |   0.0
        D:4 |     459 |     231 |  33.5 |      15 |       1 |   6.2
        D:5 |    1125 |     116 |   9.3 |      29 |       2 |   6.5
        D:6 |     749 |     183 |  19.6 |      15 |       4 |  21.1
        D:7 |    1704 |      95 |   5.3 |      22 |       1 |   4.3
        D:8 |    2552 |     628 |  19.7 |      41 |       7 |  14.6
        D:9 |    4348 |    9142 |  67.8 |      31 |      26 |  45.6
       D:10 |    1540 |    2582 |  62.6 |      15 |       9 |  37.5
       D:11 |    2410 |     359 |  13.0 |      10 |       3 |  23.1
       D:12 |    4732 |    1556 |  24.7 |      13 |      16 |  55.2
       D:13 |    6710 |    2672 |  28.5 |      11 |       3 |  21.4
       D:14 |    3913 |    8299 |  68.0 |       7 |      12 |  63.2
       D:15 |    9404 |    6492 |  40.8 |      22 |      11 |  33.3
     Lair:1 |    7454 |       0 |   0.0 |      17 |       0 |   0.0
     Lair:2 |    6217 |    2704 |  30.3 |      30 |       6 |  16.7
     Lair:3 |    7664 |       0 |   0.0 |      33 |       0 |   0.0
     Lair:4 |    5116 |       0 |   0.0 |      19 |       0 |   0.0
     Lair:5 |   19643 |    9466 |  32.5 |      58 |      26 |  31.0
    Swamp:1 |   13269 |    1913 |  12.6 |      25 |       1 |   3.8
    Swamp:2 |   18304 |       0 |   0.0 |      36 |       0 |   0.0
    Swamp:3 |   14539 |    1611 |  10.0 |      23 |       2 |   8.0
    Swamp:4 |   16113 |   22602 |  58.4 |      29 |      34 |  54.0
   Spider:1 |    8571 |       0 |   0.0 |      21 |       0 |   0.0
   Spider:2 |   22732 |    1349 |   5.6 |      52 |       1 |   1.9
   Spider:3 |    9153 |       0 |   0.0 |      25 |       0 |   0.0
   Spider:4 |   11729 |   25828 |  68.8 |      25 |      41 |  62.1
      Orc:1 |    2824 |    1437 |  33.7 |      20 |       4 |  16.7
      Orc:2 |    2356 |    6859 |  74.4 |      41 |      47 |  53.4
      Elf:1 |    2088 |    5607 |  72.9 |       4 |       9 |  69.2
      Elf:2 |    7486 |     831 |  10.0 |      14 |       1 |   6.7
      Elf:3 |   18910 |   33664 |  64.0 |      29 |      29 |  50.0
   Vaults:1 |   21491 |    4873 |  18.5 |      38 |       6 |  13.6
   Vaults:2 |   37372 |    4090 |   9.9 |      54 |       7 |  11.5
   Vaults:3 |   15677 |   39078 |  71.4 |      27 |      52 |  65.8
   Vaults:4 |   15453 |   28160 |  64.6 |      22 |      23 |  51.1
   Vaults:5 |   25650 |  117128 |  82.0 |      37 |      90 |  70.9
   Depths:1 |   41457 |    6602 |  13.7 |      57 |       6 |   9.5
   Depths:2 |   22874 |   20368 |  47.1 |      28 |      17 |  37.8
   Depths:3 |   50468 |   14409 |  22.2 |      49 |      29 |  37.2
   Depths:4 |   44719 |   26025 |  36.8 |      48 |      23 |  32.4
      Zot:1 |   31995 |       0 |   0.0 |      26 |       0 |   0.0
      Zot:2 |   16917 |     811 |   4.6 |      11 |       2 |  15.4
      Zot:3 |   18743 |       0 |   0.0 |      15 |       0 |   0.0
      Zot:4 |    3480 |       0 |   0.0 |       2 |       0 |   0.0
      Zot:5 |    2575 |    8690 |  77.1 |       2 |       5 |  71.4
    Abyss:4 |    5525 |   16863 |  75.3 |       8 |      20 |  71.4
      IceCv |       0 |    3162 | 100.0 |       0 |      13 | 100.0
   Gauntlet |       0 |    4846 | 100.0 |       0 |       9 | 100.0
            +---------+---------+-------+---------+---------+-------

Skill      XL: |  1  2  3  4  5  6  7  8  9 10 11 12 13 14 15 16 17 18 19 20 21 22 23 24 |
---------------+-------------------------------------------------------------------------+-----
Axes           | 4 5 6 8 10 11 14 16 17 18 19 20 22 | 22.0
Stealth        | 1 2 |  2.0
Fighting       | 3 4 5 6 7 9 10 11 13 14 16 18 19 20 22 | 22.0
Evocations     | 2 4 7 10 | 10.0
Dodging        | 6 9 10 13 18 19 22 | 22.0
Armour         | 4 5 8 10 12 14 18 20 21 22 | 22.0
Invocations    | 8 9 10 12 15 | 15.5
Throwing       | 4 10 | 10.0
Shields        | 1 12 15 18 20 21 22 | 22.0

Action                     |  1- 3 |  4- 6 |  7- 9 | 10-12 | 13-15 | 16-18 | 19-21 | 22-24 || total
---------------------------+-------+-------+-------+-------+-------+-------+-------+-------++-------
  Melee: War axe           |    58 |    60 |   208 |       |       |       |       |       ||   326
         Headbutt          |    14 |    13 |    53 |   105 |   322 |   384 |   390 |   436 ||  1717
         Punch             |     1 |     1 |     3 |     6 |    31 |       |       |       ||    42
         Battleaxe         |       |       |    75 |   279 |       |       |       |       ||   354
         Broad axe         |       |       |       |   223 |  1239 |  1479 |  1325 |  1300 ||  5566
         Unarmed           |       |       |       |       |       |     2 |       |       ||     2
  Throw: Dart              |     8 |    19 |    21 |    31 |     7 |       |       |       ||    86
         Throwing net      |       |       |     2 |     1 |     2 |       |       |       ||     5
         Javelin           |       |       |       |       |    14 |    16 |       |       ||    30
 Invoke: Heroism           |       |       |       |     2 |    18 |    26 |    21 |    23 ||    90
         Finesse           |       |       |       |     1 |     9 |    10 |    14 |    13 ||    47
         Receive Weapon    |       |       |       |     1 |       |       |       |       ||     1
         Receive Armour    |       |       |       |     1 |       |       |       |       ||     1
  Evoke: Wand              |     1 |     5 |    10 |    12 |    41 |    43 |     4 |     2 ||   118
         Tin of tremorston |       |       |       |       |     3 |       |       |       ||     3
         Lightning rod     |       |       |       |       |     8 |     3 |       |       ||    11
         Phial of floods   |       |       |       |       |     1 |     2 |     1 |     1 ||     5
    Use: Scroll            |     4 |     1 |     9 |    11 |    16 |     9 |    16 |    15 ||    81
         Potion            |       |     1 |     3 |       |     2 |     5 |     4 |     9 ||    24
   Stab: Sleeping          |     3 |     4 |     4 |       |       |       |       |       ||    11
         Paralysed         |     2 |     7 |     4 |     1 |     6 |       |     5 |       ||    25
         Invisible         |       |       |     8 |       |       |     4 |       |    27 ||    39
         Held in net/web   |       |       |       |     1 |     1 |       |       |       ||     2
 Armour: Leather armour    |    25 |    39 |   103 |       |       |       |       |       ||   167
         Skin              |       |       |    65 |       |       |     4 |       |       ||    69
         Scale mail        |       |       |    43 |   325 |   435 |       |       |       ||   803
         Plate armour      |       |       |       |       |   134 |       |   296 |   444 ||   874
         Chain mail        |       |       |       |       |   334 |  1003 |   330 |       ||  1667
  Dodge: Dodged            |    34 |    31 |   151 |   270 |   593 |   719 |   315 |   403 ||  2516
  Block: Kite shield       |       |       |       |       |   200 |   812 |   156 |       ||  1168
         Tower shield      |       |       |       |       |       |       |   496 |  1005 ||  1501

Illustrated notes

Table legend:
 A = Kills in this place as a percentage of kills in the entire game.
 B = Kills by you in this place as a percentage of kills by you in the entire game.
 C = Kills by friends in this place as a percentage of kills by friends in the entire game.
 D = Other kills in this place as a percentage of other kills in the entire game.
 E = Experience gained in this place as a percentage of experience gained in the entire game.
 F = Experience gained in this place divided by the number of levels of this place that you have seen.
                   A       B       C       D       E      F
               +-------+-------+-------+-------+-------+----------------------
         Total | 100.0 | 100.0 |   N/A | 100.0 | 100.0 | 21078.0
       Dungeon |  21.0 |  21.1 |   N/A |   0.0 |   8.4 | 5924.9
          Lair |  10.4 |  10.4 |   N/A |   0.0 |   5.5 | 11652.8
         Swamp |   8.3 |   8.2 |   N/A |  25.0 |   8.4 | 22087.8
   Spider Nest |   9.1 |   9.1 |   N/A |   0.0 |   7.5 | 19840.5
  Orcish Mines |   6.2 |   6.2 |   N/A |   0.0 |   1.3 | 6738.0
   Elven Halls |   4.7 |   4.7 |   N/A |  25.0 |   6.5 | 22862.0
        Vaults |  19.6 |  19.6 |   N/A |   0.0 |  29.3 | 61794.4
        Depths |  14.3 |  14.2 |   N/A |  50.0 |  21.8 | 57497.5
           Zot |   3.7 |   3.7 |   N/A |   0.0 |   8.3 | 17525.8
         Abyss |   1.5 |   1.5 |   N/A |   0.0 |   2.1 | 22388.0
      Ice Cave |   0.7 |   0.7 |   N/A |   0.0 |   0.3 | 3162.0
      Gauntlet |   0.5 |   0.5 |   N/A |   0.0 |   0.5 | 4846.0
               +-------+-------+-------+-------+-------+----------------------

Table legend: (Time is in decaauts)
 A = Elapsed time spent in this place.
 B = Non-inter-level travel time spent in this place.
 C = Inter-level travel time spent in this place.
 D = Time resting spent in this place.
 E = Time spent auto-exploring this place.
 F = Levels seen in this place.
 G = Mean time per level.
                   A        B        C        D        E       F      G
               +--------+--------+--------+--------+--------+-----+--------+
         Total |  52839 |  48351 |   4488 |   6452 |  30319 |  50 | 1056.8 |
       Dungeon |  17087 |  14953 |   2134 |   1346 |   9988 |  15 | 1139.1 |
          Lair |   7781 |   7035 |    746 |   1740 |   3972 |   5 | 1556.2 |
         Swamp |   3883 |   3752 |    131 |    684 |   2102 |   4 |  970.8 |
   Spider Nest |   5580 |   5297 |    283 |    918 |   3536 |   4 | 1395.0 |
  Orcish Mines |   1742 |   1529 |    213 |    202 |    963 |   2 |  871.0 |
   Elven Halls |   2830 |   2641 |    189 |    286 |   1662 |   3 |  943.3 |
        Vaults |   7026 |   6525 |    501 |    673 |   4165 |   5 | 1405.2 |
        Depths |   5050 |   4803 |    247 |    183 |   3488 |   4 | 1262.5 |
           Zot |    702 |    661 |     41 |     48 |    119 |   5 |  140.4 |
         Abyss |    263 |    263 |      0 |     10 |    143 |   1 |  263.0 |
      Ice Cave |    373 |    373 |      0 |    200 |     20 |   1 |  373.0 |
      Gauntlet |    516 |    516 |      0 |    160 |    158 |   1 |  516.0 |
               +--------+--------+--------+--------+--------+-----+--------+

Top non-repeatable levels by time:
  Lair:2: 2227 daAuts
Spider:2: 1897 daAuts
     D:5: 1868 daAuts
     D:9: 1805 daAuts
Spider:4: 1740 daAuts
Depths:3: 1614 daAuts
  Lair:5: 1614 daAuts
  Lair:1: 1498 daAuts
Vaults:5: 1494 daAuts
Vaults:4: 1426 daAuts
Vaults:3: 1423 daAuts
   Elf:3: 1354 daAuts
Depths:2: 1350 daAuts
Vaults:1: 1350 daAuts
Vaults:2: 1331 daAuts
